 Dungeon Crawl Stone Soup version 0.21.1-1-g345015f (webtiles) character file.

108 diana the Sneak (level 4, 0/22 HPs)
             Began as a Vine Stalker Enchanter on July 3, 2018.
             Succumbed to an adder's poison
             ... on level 3 of the Dungeon.
             The game lasted 00:04:56 (2728 turns).

diana the Sneak (Vine Stalker Enchanter)            Turns: 2728, Time: 00:04:57

Health: 0/22       AC:  2    Str: 10    XL:     4   Next: 87%
Magic:  6/9        EV: 18    Int: 16    God:
Gold:   89         SH:  0    Dex: 20    Spells: 7/8 levels left

rFire    + . .     SeeInvis .   a - +1 dagger
rCold    + . .     Gourm    .   (no shield)
rNeg     . . .     Faith    .   b - +0 robe
rPois    +         Spirit   +   (no helmet)
rElec    +         Reflect  .   (no cloak)
rCorr    +         Harm     .   (no gloves)
MR       .....                  (no boots)
Stlth    ++++......             (no amulet)
HPRegen  0.47/turn              (no ring)
MPRegen  0.11/turn              (no ring)

@: agile, lethally poisoned (0 -> -4), resistant, flying, invisible
A: fangs 2, regeneration 1, magic shield, antimagic bite, no potion heal 3, rot
immunity
a: no special abilities


You were on level 3 of the Dungeon.
You were hungry.

You visited 1 branch of the dungeon, and saw 3 of its levels.

You collected 89 gold pieces.

Inventory:

Hand Weapons
 a - a +1 dagger (weapon)
Armour
 b - a +0 robe (worn)
 o - a +0 pair of boots
Jewellery
 g - an uncursed ring of see invisible {unknown}
Scrolls
 e - 3 scrolls of identify {unknown}
 i - a scroll of fog {unknown}
 j - a scroll of enchant armour {unknown}
 m - a scroll of remove curse {unknown}
Potions
 f - 2 potions of heal wounds
 n - a potion of haste {unknown}
 q - a potion of flight
Books
 c - a book of Maledictions

   Spells                             Type                      Level
   a - Corona                         Hexes                        1
   b - Ensorcelled Hibernation        Hexes/Ice                    2
   c - Confuse                        Hexes                        3
   d - Tukima's Dance                 Hexes                        3
   e - Dazzling Spray                 Conjuration/Hexes            3
Comestibles
 d - 5 rations


   Skills:
 + Level 1.2 Fighting
 * Level 2.3 Short Blades
 + Level 2.0 Dodging
 + Level 4.1 Stealth
 + Level 2.7 Spellcasting
 + Level 3.4 Hexes


You had 7 spell levels left.
You knew the following spells:

 Your Spells              Type           Power        Failure   Level  Hunger
a - Corona                Hex            ##.....      4%          1    #......


Dungeon Overview and Level Annotations

Branches:
Dungeon (3/15)

Altars:
The Shining One


Innate Abilities, Weirdness & Mutations

You have extremely sharp teeth.
Your natural rate of healing is unusually fast.
When hurt, damage is shared between your health and your magic reserves.
Your bite disrupts and absorbs the magic of your enemies.
Potions cannot restore your health.
You are immune to rotting.


Message History

You feel sick.
It was a potion of heal wounds.
That seemed strangely inert.
* * * LOW HITPOINT WARNING * * *
You feel sick.
It was a potion of agility.
You feel agile all of a sudden.
* * * LOW HITPOINT WARNING * * *
You feel sick.
It was a potion of flight.
You feel very buoyant.
You fly up into the air.
* * * LOW HITPOINT WARNING * * *
You feel sick.
It was a potion of resistance.
You feel protected.
* * * LOW HITPOINT WARNING * * *
You feel sick.
It was a potion of invisibility.
You fade into invisibility!
You die...

#######.#
#.#######........
#...@.........[#
#.#######.#####.
#.# #.#
.#.#.#####.#
.......<...#
.#.#.#######


There were no monsters in sight!

Vanquished Creatures
  3 adders
  3 gnolls
  An ooze (D:2)
  2 dart slugs
  4 giant cockroaches
  5 goblins
  10 hobgoblins
  5 bats
  3 frilled lizards (D:1)
  5 kobolds
  4 rats
45 creatures vanquished.

Notes
Turn   | Place    | Note
-------+----------+-------------------------------------------
     0 | D:1      | diana the Vine Stalker Enchanter began the quest for the Orb.
     0 | D:1      | Reached XP level 1. HP: 9/9 MP: 4/4
    46 | D:1      | Reached skill level 1 in Short Blades
   232 | D:1      | Reached XP level 2. HP: 10/13 MP: 4/6
   878 | D:1      | Reached XP level 3. HP: 12/17 MP: 7/7
  1835 | D:1      | Reached skill level 1 in Fighting
  1835 | D:1      | Reached skill level 4 in Stealth
  1835 | D:1      | Gained mutation: Your natural rate of healing is unusually fast. [Vine Stalker growth]
  1835 | D:1      | Reached XP level 4. HP: 10/22 MP: 5/8
  2368 | D:2      | Found a glowing golden altar of the Shining One.
  2728 | D:3      | Succumbed to an adder's poison

Skill      XL: |  1  2  3  4 |
---------------+-------------+-----
Short Blades   | 1 2 |  2.3
Fighting       | 1 |  1.2
Stealth        | 4 |  4.1
Dodging        | 2 |  2.0
Spellcasting   | |  2.7
Hexes          | |  3.4

Action                   |  1- 3 |  4- 6 || total
-------------------------+-------+-------++-------
Melee: Dagger            |   108 |    44 ||   152
       Bite              |    16 |     8 ||    24
 Cast: Corona            |     6 |     2 ||     8
  Use: Potion            |       |     5 ||     5
 Stab: Sleeping          |     8 |     2 ||    10
  Eat: Chunk             |     2 |     3 ||     5
Armor: Robe              |    12 |     5 ||    17
Dodge: Dodged            |    53 |    22 ||    75
